 Dungeon Crawl Stone Soup version 0.29.1-2-gbd0b4ee654 (webtiles) character file.

Game seed: 11385688808935485539

219 styxcanada the Covert (level 5, -1/26 HPs)
             Began as a Spriggan Brigand on Nov 4, 2022.
             Slain by Duvessa
             ... wielding a +0 short sword
              (11 damage)
             ... on level 4 of the Dungeon.
             The game lasted 00:14:55 (3473 turns).

styxcanada the Covert (Spriggan Brigand)            Turns: 3473, Time: 00:14:56

Health: -1/26      AC:  4    Str:  7    XL:     5   Next: 64%
Magic:  6/6        EV: 16    Int: 12    God:
Gold:   151        SH:  6    Dex: 19    Spells: 4/4 levels left

rFire   . . .      SeeInvis +   a - +3 dagger
rCold   . . .      Faith    .   s - +0 buckler
rNeg    . . .      Spirit   .   b - +1 robe
rPois   .          Reflect  .   (helmet restricted)
rElec   .          Harm     .   c - +0 cloak
rCorr   .          Rampage  .   (gloves unavailable)
Will    .....                   (boots unavailable)
Stlth   ++++......              (no amulet)
HPRegen 0.08/turn               (no ring)
MPRegen 0.10/turn               (no ring)

@: very quick
A: very small, no large weapons, unfitting armour, see invisible, speed 3
a: no special abilities


You were on level 4 of the Dungeon.
You visited 1 branch of the dungeon, and saw 4 of its levels.

You collected 176 gold pieces.
You spent 25 gold pieces at shops.

Inventory:

Hand Weapons
 a - a +3 dagger (weapon)
 r - a +0 sling
Missiles
 e - 3 curare-tipped darts
 f - 39 stones
 l - 2 boomerangs of dispersal
 p - 3 atropa-tipped darts
 q - 2 poisoned darts (quivered)
Armour
 b - a +1 robe (worn)
 c - a +0 cloak (worn)
 s - a +0 buckler (worn)
 v - a scarf of resistance
Wands
 d - a wand of polymorph (11)
 t - a wand of roots (4)
Scrolls
 i - a scroll of enchant armour
 j - 4 scrolls of teleportation
 n - 2 scrolls of amnesia
 w - a scroll of identify
Potions
 g - 2 potions of ambrosia
 h - 4 potions of brilliance
 k - 3 potions of heal wounds {unknown}
 m - a potion of might {unknown}
 o - a potion of haste {unknown}
 u - a potion of curing {unknown}


   Skills:
 * Level 2.1 Fighting
 + Level 3.2 Short Blades
 + Level 2.3 Throwing
 * Level 2.7 Dodging
 * Level 8.6 Stealth
 * Level 0.3 Shields
 * Level 1.0 Evocations


You had 4 spell levels left.
You didn't know any spells.
Your spell library contained the following spells:

 Spells                   Type           Power      Damage    Failure   Level
 Sandblast                Erth           0%         2d4       58%         1
 Passwall                 Tmut/Erth      0%         N/A       73%         2
 Inner Flame              Hex/Fire       0%         N/A       91%         3
 Stone Arrow              Conj/Erth      0%         3d7       91%         3
 Cause Fear               Hex            0%         N/A       100%        4
 Discord                  Hex            0%         N/A       100%        8


Dungeon Overview and Level Annotations

Branches:
Dungeon (4/15)
 Temple: D:4-7

Altars:

Shops:
D:1 *[[   D:3 :

Annotations:
D:4 Duvessa


Innate Abilities, Weirdness & Mutations

You are very small and have problems with some larger weapons.
You are too small for most types of armour.
You have supernaturally acute eyesight. (SInv)
You cover ground extremely quickly. (Speed+++)


Message History

Duvessa hits you with a +0 short sword.
* * * LOW HITPOINT WARNING * * *
Duvessa rages.
You hear a shout!
Duvessa looks more healthy.
There is an escape hatch in the floor here.
Duvessa rages.
Throw: 6 darts (poison)
Press: ? - help, Q - select action, (/) - cycle Shift-Dir - straight line, f/p - Duvessa
Aim: Duvessa, wielding a +0 short sword and wearing a +0 leather armour (moderately wounded, berserk, 66% to hit)
You throw a poisoned dart. The poisoned dart hits Duvessa.
Duvessa is poisoned.
Duvessa is moderately wounded.
Duvessa looks more healthy.
Duvessa rages.
You see here a poisoned dart.
The hobgoblin barely misses you.
Duvessa rages.
Throw: 5 darts (poison)
Press: ? - help, Q - select action, (/) - cycle Shift-Dir - straight line, f/p - Duvessa
Aim: Duvessa, wielding a +0 short sword and wearing a +0 leather armour (heavily wounded, berserk, 66% to hit)
You throw a poisoned dart. The poisoned dart hits Duvessa.
Duvessa is poisoned.
Duvessa is heavily wounded.
Throw: 4 darts (poison)
Press: ? - help, Q - select action, (/) - cycle Shift-Dir - straight line, f/p - Duvessa
Aim: Duvessa, wielding a +0 short sword and wearing a +0 leather armour (heavily wounded, berserk, poisoned, 66% to hit)
You throw a poisoned dart. The poisoned dart hits Duvessa.
Duvessa looks even sicker.
Duvessa is heavily wounded.
There is a stone staircase leading up here.
You hear a shout!
Duvessa rages.
There is an escape hatch in the floor here.
Throw: 3 darts (poison)
Press: ? - help, Q - select action, (/) - cycle Shift-Dir - straight line, f/p - Duvessa
Aim: Duvessa, wielding a +0 short sword and wearing a +0 leather armour (heavily wounded, berserk, poisoned, 66% to hit)
You throw a poisoned dart. The poisoned dart hits Duvessa.
Duvessa looks even sicker.
Duvessa is heavily wounded.
Duvessa hits you with a +0 short sword!
You die...

##..........# ##.. .#
###........[.## #...
...#####...####...[..# #...
.........### ###....## #...
..........## ####..## #...
##.........## ##..# #...
##........(## #.[###...
#..##.....>e## ##....... #..
#......@.## #..(....
...............########..#...
# #.....................##...
#......................####
#...##.[........######.# ####
####....#### ## ######


You could see Duvessa (berserk, very poisoned).

Vanquished Creatures
  Dowan (D:4)
  An orc priest (D:4)
  Ijyb (D:2)
  5 adders
  5 dart slugs
  2 orcs (D:4)
  2 ball pythons
  8 endoplasms
  5 giant cockroaches
  11 goblins
  5 hobgoblins
  3 kobolds
  2 quokkas
  5 bats
  A frilled lizard (D:1)
  2 rats
59 creatures vanquished.

Notes
Turn   | Place    | Note
-------+----------+-------------------------------------------
     0 | D:1      | styxcanada the Spriggan Brigand began the quest for the
                  | Orb.
     0 | D:1      | Reached XP level 1. HP: 10/10 MP: 2/2
    63 | D:1      | Found Zihiaf's Armour Shoppe.
    64 | D:1      | Found Mefuqol's Armour Shoppe.
    79 | D:1      | Reached skill level 6 in Stealth
   184 | D:1      | Reached XP level 2. HP: 14/14 MP: 3/3
   197 | D:1      | Found Puopin's Assorted Antiques.
   210 | D:1      | Bought a scroll labelled TEKLIE QYASIF for 25 gold pieces
   305 | D:1      | Found a faded altar of an unknown god.
   875 | D:2      | Reached skill level 7 in Stealth
   939 | D:2      | Reached XP level 3. HP: 18/18 MP: 4/4
  1238 | D:2      | Noticed Ijyb
  1316 | D:2      | Killed Ijyb
  1317 | D:2      | Reached XP level 4. HP: 20/23 MP: 5/5
  2052 | D:3      | Reached skill level 8 in Stealth
  2204 | D:3      | Found Radaepn's Book Emporium.
  2493 | D:3      | Reached XP level 5. HP: 18/26 MP: 6/6
  3239 | D:4      | Noticed Dowan
  3243 | D:4      | Noticed Duvessa
  3246 | D:4      | Killed Dowan
  3247 | D:4      | Reached skill level 1 in Evocations
  3473 | D:4      | Slain by Duvessa

Illustrated notes

Levels and vault maps discovered:
D:1:      dpeg_arrival_round_a, layout_rooms, serial_shops, shop_statue, shop,
          nicolae_shop_trees, shapermc_ecumenical_altar_pompeii
D:2:      kennysheep_the_goblin_king, layout_loops_ring
D:3:      layout_basic, serial_shops, nicolae_shop_behind_doors, serial_glass,
          glass_columns_a, glass_columns_c, glass_columns_a, glass_columns_b,
          minmay_starry_boxes
D:4:      layout_cave_pods, minmay_liquid_box, hex_large, uniq_duvessa

Skill      XL: |  1  2  3  4  5 |
---------------+----------------+-----
Stealth        | 6 7 8 |  8.6
Dodging        | 2 |  2.7
Fighting       | 2 |  2.1
Short Blades   | 3 |  3.2
Evocations     | 1 |  1.0
Throwing       | |  2.3
Shields        | |  0.3

Action                   |  1- 3 |  4- 6 || total
-------------------------+-------+-------++-------
Melee: Dagger            |    66 |    68 ||   134
       Punch             |     2 |       ||     2
Throw: Dart              |    15 |    23 ||    38
  Use: Scroll            |       |    10 ||    10
 Stab: Sleeping          |    10 |    11 ||    21
Armor: Robe              |     5 |     7 ||    12
Dodge: Dodged            |    36 |    33 ||    69
Block: Buckler           |       |     9 ||     9
